 Dungeon Crawl Stone Soup version 0.31-a0-844-gdc52ec4e09 (webtiles) character file.

Game seed: 12430306762329991054

1283 graki42 the Trooper (level 8, 0/71 HPs)
             Began as a Minotaur Fighter on Sept 28, 2023.
             Was a Believer of the Shining One.
             Slain by Duvessa
             ... wielding a +0 rapier
              (13 damage)
             ... on level 5 of the Dungeon.
             The game lasted 00:08:49 (4186 turns).

graki42 the Trooper (Minotaur Fighter)              Turns: 4186, Time: 00:08:49

Health: 0/71       AC: 11    Str: 21    XL:     8   Next: 29%
Magic:  9/10       EV:  8    Int:  7    God:    the Shining One [**....]
Gold:   220        SH:  5    Dex: 10    Spells: 7/7 levels left

rFire   + . .        a - +0 long sword
rCold   . . .        c - +0 buckler
rNeg    + + .        f - +0 chain mail
rPois   .            (helmet restricted)
rElec   .            (no cloak)
rCorr   .            l - +0 pair of gloves
SInv    .            (no boots)
Will    .....        (no amulet) Stlth
                     e - ring of positive energy
HPRegen 0.31/turn    m - ring of protection from fire
MPRegen 0.12/turn

%: no passive effects
@: glowing
A: horns 2, retaliatory headbutt
a: Renounce Religion, Divine Shield


You were on level 5 of the Dungeon.
You worshipped the Shining One.
The Shining One was pleased with you.
You visited 1 branch of the dungeon, and saw 5 of its levels.

You collected 220 gold pieces.

Inventory:

Hand Weapons
 a - a +0 long sword (weapon)
 b - a +0 dire flail
 C - a +0 flail of venom
Missiles
 D - a throwing net (quivered)
Armour
 c - a +0 buckler (worn)
 f - a +0 chain mail (worn)
 l - a +0 pair of gloves (worn)
Jewellery
 e - a ring of positive energy (left hand)
 m - a ring of protection from fire (right hand)
 r - a ring of ice
Scrolls
 g - a scroll of blinking {unknown}
 j - 7 scrolls of identify {unknown}
 q - a scroll of fog {unknown}
 t - a scroll of revelation {unknown}
 u - 2 scrolls of teleportation {unknown}
 v - a scroll of immolation {unknown}
 w - 2 scrolls of noise {unknown}
 x - a scroll of enchant armour {unknown}
 y - a scroll of butterflies {unknown}
 z - a scroll of poison {unknown}
 B - a scroll of fear {unknown}
 G - a scroll of enchant weapon {unknown}
Potions
 d - 2 potions of might
 h - 2 potions of lignification {unknown}
 i - 2 potions of degeneration {unknown}
 k - a potion of heal wounds
 n - a potion of haste {unknown}
 o - 6 potions of curing {unknown}
 p - a potion of magic {unknown}
 s - a potion of enlightenment {unknown}
 A - a potion of cancellation {unknown}
 E - 2 potions of mutation {unknown}
 F - a potion of berserk rage {unknown}


   Skills:
 + Level 6.5 Fighting
 + Level 5.9 Long Blades
 + Level 6.5 Armour
 + Level 6.5 Shields
 + Level 4.0 Invocations


You had 7 spell levels left.
You didn't know any spells.
Your spell library contained the following spells:

 Spells                   Type           Power      Damage    Failure   Level
 Summon Small Mammal      Summ           0%         N/A       98%         1
 Blink                    Tloc           0%         N/A       99%         2
 Cigotuvi's Dreadful Rot  Necr/Pois/Air  0%         N/A       99%         2
 Lesser Beckoning         Tloc           0%         N/A       99%         2
 Momentum Strike          Conj/Tloc      0%         3d8       99%         2
 Call Canine Familiar     Summ           0%         N/A       100%        3
 Frozen Ramparts          Ice            0%         1d1       100%        3
 Ignite Poison            Fire/Tmut/Pois 0%         N/A       100%        3
 Summon Guardian Golem    Hex/Summ       0%         N/A       100%        3
 Petrify                  Tmut/Erth      0%         N/A       100%        4
 Freezing Cloud           Conj/Ice/Air   0%         6-21      100%        5
 Metabolic Englaciation   Hex/Ice        0%         N/A       100%        5


Dungeon Overview and Level Annotations

Branches:
Dungeon (5/15)
 Temple: D:4-7

Altars:
Hepliaklqana
The Shining One

Annotations:
D:5 2 runed translucent doors, Duvessa; Tenar's ghost, novice DsCA


Innate Abilities, Weirdness & Mutations

You have a pair of horns on your head.
You reflexively headbutt those who attack you in melee.


Message History

Duvessa hits you but does no damage.
Dowan casts a spell at Duvessa.
Duvessa seems to speed up.
Duvessa completely misses you.
You hit Dowan. You headbutt Dowan!
Dowan is heavily wounded.
Duvessa hits you with a +0 rapier. Dowan hits you but does no damage.
You closely miss Dowan.
Dowan is heavily wounded.
Duvessa hits you with a +0 rapier! Dowan hits you with a +0 dagger.
Duvessa hits you but does no damage.
You hit Dowan.
Dowan is heavily wounded.
Duvessa says, "Where magic fails, the sword succeeds!"
You block Duvessa's attack. Dowan hits you but does no damage.
Duvessa hits you with a +0 rapier.
You hit Dowan. You headbutt Dowan.
You kill Dowan!
Duvessa screams, "No!
How DARE you!"
Duvessa goes berserk!
Duvessa closely misses you.
Your Invocations skill increases to level 4!
You barely miss Duvessa. Duvessa misses you.
Duvessa hits you but does no damage.
You hit Duvessa. You headbutt Duvessa!
Duvessa is lightly wounded.
You block Duvessa's attack. Duvessa hits you with a +0 rapier.
You hit Duvessa but do no damage. You headbutt Duvessa.
Duvessa is moderately wounded.
Duvessa hits you with a +0 rapier!
You slash Duvessa!
Duvessa is heavily wounded.
Duvessa hits you with a +0 rapier! x2
* * * LOW HITPOINT WARNING * * *
You slash Duvessa! You headbutt Duvessa!
Duvessa is severely wounded.
Duvessa hits you but does no damage. Duvessa hits you with a +0 rapier!
* * * LOW HITPOINT WARNING * * *
You hit Duvessa.
Duvessa is severely wounded.
Duvessa hits you with a +0 rapier!
You die...

####....#
##.#.## ###..#
##.# #.# #.# ##
#.# .. #.#
...##.########@#
..$..........)e#
...#..e#########
....... =#.##..
.. ... . ###. ..
##


You could see Duvessa (berserk, fast).

Vanquished Creatures
  Sigmund (D:3)
  A water moccasin (D:5)
  An ogre (D:4)
  A gnoll sergeant (D:5)
  2 scorpions (D:4)
  A bullfrog (D:4)
  Dowan (D:5)
  2 howler monkeys (D:5)
  A hound (D:4)
  A jelly (D:4)
  3 orc priests
  An iguana (D:4)
  An orc wizard (D:3)
  Robin (D:4)
  16 adders
  9 gnolls
  2 ufetubi
  2 dart slugs
  12 orcs
  4 endoplasms
  4 giant cockroaches
  10 goblins
  10 hobgoblins
  2 jackals (D:2)
  4 quokkas
  8 ball pythons
  5 bats
  3 frilled lizards (D:1)
  12 kobolds
  4 rats
125 creatures vanquished.

Notes
Turn   | Place    | Note
-------+----------+-------------------------------------------
     0 | D:1      | graki42 the Minotaur Fighter began the quest for the Orb.
     0 | D:1      | Reached XP level 1. HP: 19/19 MP: 0/0
   231 | D:1      | Reached XP level 2. HP: 23/27 MP: 1/1
   962 | D:2      | Reached XP level 3. HP: 33/33 MP: 2/2
  1124 | D:2      | Found a glowing golden altar of the Shining One.
  1134 | D:2      | Became a worshipper of the Shining One
  1332 | D:2      | Reached XP level 4. HP: 40/40 MP: 3/3
  1446 | D:2      | Reached skill level 1 in Invocations
  1587 | D:3      | Noticed Sigmund
  1594 | D:3      | Killed Sigmund
  1595 | D:3      | Reached skill level 5 in Shields
  1595 | D:3      | Reached XP level 5. HP: 45/47 MP: 3/5
  1595 | D:3      | Reached XP level 6. HP: 52/55 MP: 3/6
  1642 | D:3      | Reached skill level 5 in Armour
  1656 | D:3      | Found a faded altar of an unknown god.
  1733 | D:3      | Reached skill level 5 in Fighting
  1868 | D:3      | Reached * piety under the Shining One
  2046 | D:4      | Found a hazy altar of Hepliaklqana.
  2047 | D:4      | Noticed Robin
  2059 | D:4      | Killed Robin
  2156 | D:4      | Reached XP level 7. HP: 57/61 MP: 6/8
  2441 | D:4      | Reached skill level 5 in Long Blades
  2998 | D:5      | Entered Level 5 of the Dungeon
  3220 | D:5      | Reached XP level 8. HP: 21/70 MP: 9/9
  3466 | D:5      | Found a large runed translucent door.
  3466 | D:5      | Found a large runed translucent door.
  3467 | D:5      | Noticed Tenar's ghost (novice DsCA)
  3527 | D:5      | Reached ** piety under the Shining One
  4161 | D:5      | Noticed Duvessa
  4161 | D:5      | Noticed Dowan
  4180 | D:5      | Killed Dowan
  4186 | D:5      | Slain by Duvessa

Illustrated notes

Levels and vault maps discovered:
D:1:      amcnicky_arrival_double_pillar, layout_loops_corners
D:2:      layout_basic, basic_altar, minmay_snake_closets
D:3:      layout_rooms, shapermc_ecumenical_altar_venn, uniq_sigmund
D:4:      layout_loops_ring, nicolae_hepliaklqana_hazy_memory, uniq_robin
D:5:      layout_loops_corners, ebering_ghost_disaster_area, uniq_duvessa

Skill      XL: |  1  2  3  4  5  6  7  8 |
---------------+-------------------------+-----
Shields        | 4 5 6 |  6.5
Fighting       | 4 5 6 |  6.5
Armour         | 4 5 6 |  6.5
Long Blades    | 3 4 5 |  5.9
Invocations    | 2 3 4 |  4.0

Action                     |  1- 3 |  4- 6 |  7- 9 || total
---------------------------+-------+-------+-------++-------
  Melee: Long sword        |    89 |    95 |   145 ||   329
         Headbutt          |     9 |    21 |    35 ||    65
    Use: Potion            |       |     1 |     1 ||     2
 Armour: Chain mail        |    64 |    65 |   122 ||   251
         Scale mail        |     2 |       |       ||     2
  Dodge: Dodged            |    28 |    36 |    53 ||   117
  Block: Buckler           |    23 |    16 |    28 ||    67

Table legend: (Time is in decaauts)
 A = Elapsed time spent in this place.
 B = Non-inter-level travel time spent in this place.
 C = Inter-level travel time spent in this place.
 D = Time resting spent in this place.
 E = Time spent auto-exploring this place.
 F = Levels seen in this place.
 G = Mean time per level.
                   A        B        C        D        E       F      G
               +--------+--------+--------+--------+--------+-----+--------+
         Total |   4254 |   4178 |     76 |    219 |   3174 |   5 |  850.8 |
       Dungeon |   4254 |   4178 |     76 |    219 |   3174 |   5 |  850.8 |
               +--------+--------+--------+--------+--------+-----+--------+

Top non-repeatable levels by time:
     D:5: 1196 daAuts
     D:4: 964 daAuts
     D:1: 897 daAuts
     D:2: 698 daAuts
     D:3: 497 daAuts
